 Dungeon Crawl Stone Soup version 0.25-a0-109-ge9c0e85935 (webtiles) character file.

Game seed: 7005416507048921748, levelgen mode: deterministic

1797091 bmfx the Merry Minotaur (level 27, 273/273 HPs)
             Began as a Minotaur Hunter on Nov 18, 2019.
             Was the Champion of Okawaru.
             Escaped with the Orb
             ... and 3 runes!
             The game lasted 02:15:07 (64301 turns).

bmfx the Merry Minotaur (Minotaur Hunter)          Turns: 64301, Time: 02:15:08

Health: 273/273    AC: 35    Str: 24    XL:     27
Magic:  29/29      EV: 25    Int:  8    God:    Okawaru [******]
Gold:   4101       SH:  0    Dex: 20    Spells: 26/26 levels left

rFire    + + .     SeeInvis .   w - +8 longbow (velocity) {god gift}
rCold    + + .     Gourm    .   (shield currently unavailable)
rNeg     + . .     Faith    .   n - +5 chain mail of Impermeability {+Blink +Fly MR++ Slay+2}
rPois    +         Spirit   .   o - +0 hat "Ifaam" {god gift, MR+ Dex+3}
rElec    +         Reflect  .   s - +2 cloak {rC+}
rCorr    .         Harm     .   y - +2 pair of gloves {archery}
MR       +++++                  S - +2 pair of boots {run}
Stlth    ..........             h - amulet "Ezey" {rElec rPois rC+ Regen+}
HPRegen  0.95/turn              I - ring of Liberty {rF+ rN+ Slay+2}
MPRegen  0.21/turn              k - +5 ring of slaying

@: studying Dodging, quick
A: retaliatory headbutt, horns 2, talons 1, icy blue scales 1, deterioration 1,
fire resistance 1, low mp 1
0: Orb of Zot
}: 3/15 runes: decaying, serpentine, silver
a: Heroism, Finesse, Renounce Religion, Evoke Blink, Evoke Flight


You escaped.
You worshipped Okawaru.
Okawaru was exalted by your worship.
You were very full.

You visited 10 branches of the dungeon, and saw 50 of its levels.
You visited 2 bazaars.
You also visited: Gauntlet and Ice Cave.

You collected 8911 gold pieces.
You spent 4810 gold pieces at shops.


Innate Abilities, Weirdness & Mutations

You reflexively headbutt those who attack you in melee.
You have a pair of horns on your head.
You have sharp toenails.
You are partially covered in icy blue scales. (AC +2)
Your body sometimes deteriorates upon taking damage.
Your flesh is heat resistant. (rF+)
Your magical capacity is low. (-10% MP)

Dungeon Overview and Level Annotations

Branches:
Dungeon (15/15)            Temple (1/1) D:4            Lair (6/6) D:8
  Swamp (4/4) Lair:2        Snake (4/4) Lair:2        Slime (0/5) Lair:6
    Orc (2/2) D:10            Elf (3/3) Orc:2        Vaults (5/5) D:13
  Crypt (0/3) Vaults:2     Depths (5/5) D:15            Zot (5/5) Depths:5
  IceCv (visited)         Gauntlet (visited)

Altars:
Ashenzari
Cheibriados
Dithmenos
Elyvilon
Fedhas
Gozag
Hepliaklqana
Kikubaaqudgha
Makhleb
Nemelex Xobeh
Okawaru
Qazlal
Ru
Sif Muna
Trog
Uskayaw
Vehumet
Wu Jian
Xom
Yredelemnul
Zin
The Shining One
Beogh

Shops:
D:5 =   D:6 [   D:7 [   D:12 [   D:13 (   Orc:2 %}*=   Snake:1 }   Snake:2 ?
Vaults:2 *   Vaults:3 ?   Vaults:4 *   Zot:1 *   Depths:1 !

Portals:
Hell: Depths:1 Depths:2 Depths:3 Depths:4

Annotations:
D:3 exclusion: 3 doors
D:14 1 runed translucent door, vurker's ghost, adept FoAK
Vaults:4 3 runed translucent doors, exclusion: obsidian statue, Pofumik's ghost, veteran MiFi
Zot:2 3 runed translucent doors, Vimihy's ghost, legendary HaHu
Zot:4 24 runed doors


   Skills:
 O Level 27 Fighting
 - Level 20.6 Maces & Flails
 O Level 27 Bows
 - Level 22.0 Armour
 - Level 22.0 Dodging
 - Level 0.7 Stealth
 + Level 15.0 Invocations
 - Level 8.0 Evocations


You had 26 spell levels left.
You didn't know any spells.
Your spell library contained the following spells:

 Spells                   Type           Power        Failure   Level  Hunger
 Animate Skeleton         Necr           N/A          78%         1    ##.....
 Apportation              Tloc           #.....       78%         1    ##.....
 Confusing Touch          Hex            #.....       78%         1    ##.....
 Corona                   Hex            #......      78%         1    ##.....
 Pain                     Necr           #...         78%         1    ##.....
 Shock                    Conj/Air       #...         78%         1    ##.....
 Sting                    Conj/Pois      #...         78%         1    ##.....
 Summon Butterflies       Summ           #.......     78%         1    ##.....
 Summon Small Mammal      Summ           #...         78%         1    ##.....
 Call Imp                 Summ           #.......     89%         2    ###....
 Corpse Rot               Necr           N/A          89%         2    ###....
 Ensorcelled Hibernation  Hex/Ice        #.....       89%         2    ###....
 Passwall                 Tmut/Erth      #.......     89%         2    ###....
 Poisonous Vapours        Pois/Air       #.....       89%         2    ###....
 Slow                     Hex            #.......     89%         2    ###....
 Sublimation of Blood     Necr           #.........   89%         2    ###....
 Swiftness                Chrm/Air       #.......     89%         2    ###....
 Throw Frost              Conj/Ice       #.....       89%         2    ###....
 Call Canine Familiar     Summ           #.......     98%         3    ####...
 Confuse                  Hex            #.......     98%         3    ####...
 Dazzling Spray           Conj/Hex       #.....       98%         3    ####...
 Inner Flame              Hex/Fire       #.......     98%         3    ####...
 Mephitic Cloud           Conj/Pois/Air  #.......     98%         3    ####...
 Portal Projectile        Hex/Tloc       #.....       98%         3    ####...
 Recall                   Summ/Tloc      N/A          98%         3    ####...
 Regeneration             Chrm/Necr      #.........   98%         3    ####...
 Spider Form              Tmut/Pois      #.........   98%         3    ####...
 Static Discharge         Conj/Air       #.......     98%         3    ####...
 Summon Guardian Golem    Hex/Summ       #.......     98%         3    ####...
 Tukima's Dance           Hex            #.......     98%         3    ####...
 Vampiric Draining        Necr           #.........   98%         3    ####...
 Airstrike                Air            #.........   100%        4    #####..
 Animate Dead             Necr           N/A          100%        4    #####..
 Cause Fear               Hex            #.........   100%        4    #####..
 Leda's Liquefaction      Hex/Erth       #.........   100%        4    #####..
 Olgreb's Toxic Radiance  Pois           #.......     100%        4    #####..
 Summon Ice Beast         Ice/Summ       #.......     100%        4    #####..
 Summon Lightning Spire   Summ/Air       #.......     100%        4    #####..
 Agony                    Necr           #.......     100%        5    ######.
 Aura of Abjuration       Summ           #.........   100%        5    ######.
 Bolt of Draining         Conj/Necr      #.........   100%        5    ######.
 Bolt of Magma            Conj/Fire/Erth #.........   100%        5    ######.
 Borgnjor's Vile Clutch   Necr/Erth      #.........   100%        5    ######.
 Dispel Undead            Necr           #.......     100%        5    ######.
 Excruciating Wounds      Chrm/Necr      #.........   100%        5    ######.
 Irradiate                Conj/Tmut      #.........   100%        5    ######.
 Iskenderun's Battlesphe  Conj/Chrm      #.......     100%        5    ######.
 Lightning Bolt           Conj/Air       #.........   100%        5    ######.
 Silence                  Hex/Air        #.........   100%        5    ######.
 Summon Demon             Summ           #.........   100%        5    ######.
 Summon Forest            Summ/Tloc      #.........   100%        5    ######.
 Summon Mana Viper        Hex/Summ       #.......     100%        5    ######.
 Venom Bolt               Conj/Pois      #.........   100%        5    ######.
 Yara's Violent Unravell  Hex/Tmut       #.........   100%        5    ######.
 Darkness                 Hex            #.........   100%        6    #######
 Death Channel            Necr           #.........   100%        6    #######
 Deflect Missiles         Chrm/Air       #.........   100%        6    #######
 Hydra Form               Tmut           #.........   100%        6    #######
 Iron Shot                Conj/Erth      #.........   100%        6    #######
 Poison Arrow             Conj/Pois      #.........   100%        6    #######
 Shadow Creatures         Summ           N/A          100%        6    #######
 Simulacrum               Ice/Necr       #.........   100%        6    #######
 Statue Form              Tmut/Erth      #........    100%        6    #######
 Dragon Form              Tmut           #.........   100%        7    #######
 Orb of Destruction       Conj           #.........   100%        7    #######
 Spellforged Servitor     Conj/Summ      #.........   100%        7    #######
 Summon Hydra             Summ           #.........   100%        7    #######
 Chain Lightning          Conj/Air       #.........   100%        8    #######
 Discord                  Hex            #.........   100%        8    #######
 Ignition                 Fire           #.........   100%        8    #######
 Lehudib's Crystal Spear  Conj/Erth      #.........   100%        8    #######
 Fire Storm               Conj/Fire      #.........   100%        9    #######
 Glaciate                 Conj/Ice       #.........   100%        9    #######
 Shatter                  Erth           #.........   100%        9    #######
 Tornado                  Air            #.........   100%        9    #######

Action                   |  1- 3 |  4- 6 |  7- 9 | 10-12 | 13-15 | 16-18 | 19-21 | 22-24 | 25-27 || total
-------------------------+-------+-------+-------+-------+-------+-------+-------+-------+-------++-------
Melee: Short sword       |   110 |   184 |   297 |    11 |       |       |       |       |       ||   602
       Headbutt          |    14 |    34 |    59 |    52 |    60 |     4 |    14 |    66 |     9 ||   312
       Great mace        |       |       |       |   311 |   302 |    18 |    77 |   215 |    30 ||   953
       Unarmed           |       |       |       |       |     3 |       |       |       |     3 ||     6
       Longbow           |       |       |       |       |     2 |       |     2 |       |       ||     4
 Fire: Shortbow          |    24 |    10 |   140 |   407 |   257 |       |       |       |       ||   838
       Longbow           |       |       |       |       |   506 |  1221 |  1396 |  1275 |  1210 ||  5608
Invok: Heroism           |       |       |     8 |    17 |    22 |    11 |    13 |    13 |    12 ||    96
       Finesse           |       |       |       |       |     9 |     6 |     5 |    10 |    10 ||    40
 Abil: Evoke Blink       |       |       |       |       |       |       |       |       |     3 ||     3
Evoke: Wand              |       |       |       |     3 |     3 |     7 |     1 |     2 |    15 ||    31
       Lightning rod     |       |       |       |       |       |       |       |       |     4 ||     4
       Lamp of fire      |       |       |       |       |       |       |       |       |     2 ||     2
  Use: Scroll            |     1 |     1 |     8 |    12 |    13 |     8 |     7 |    10 |    25 ||    85
       Potion            |       |     1 |     1 |     2 |     3 |     4 |     3 |       |    20 ||    34
 Stab: Sleeping          |     1 |       |       |       |       |       |       |       |       ||     1
       Paralysed         |       |       |       |     3 |       |       |       |       |       ||     3
  Eat: Chunk             |     3 |     7 |    13 |    15 |    20 |    14 |    15 |    12 |     7 ||   106
       Ration            |       |     1 |     1 |     4 |     3 |     4 |     3 |     2 |     7 ||    25
Armor: Leather armour    |    21 |       |       |       |       |       |       |       |       ||    21
       Plate armour      |    36 |   109 |   219 |   313 |   327 |    14 |       |       |       ||  1018
       Skin              |       |       |    31 |       |       |       |       |       |       ||    31
       Chain mail        |       |       |       |       |       |   127 |   153 |   254 |   160 ||   694
Dodge: Dodged            |    57 |    47 |   102 |   167 |   259 |   170 |   261 |   537 |   476 ||  2076

Skill      XL: |  1  2  3  4  5  6  7  8  9 10 11 12 13 14 15 16 17 18 19 20 21 22 23 24 25 26 27 |
---------------+----------------------------------------------------------------------------------+-----
Fighting       | 3 4 5 6 8 12 16 18 19 20 21 22 24 27 | 27.0
Bows           | 5 6 7 10 12 15 19 20 22 24 27 | 27.0
Evocations     | 1 2 4 6 7 8 |  8.0
Invocations    | 5 8 9 12 15 | 15.0
Maces & Flails | 5 8 12 14 15 17 20 | 20.6
Armour         | 7 8 12 17 18 20 22 | 22.0
Dodging        | 8 10 12 15 17 18 21 22 | 22.0
Stealth        | |  0.7

Inventory:

Hand Weapons
 a - the +10 great mace "Othuq" {venom, +Blink rF+ rN+ Str-3 Int+2 Dex+4}
   (You took it off an orc wizard on level 8 of the Dungeon)

   It poisons the flesh of those it strikes.
   It affects your strength (-3).
   It affects your intelligence (+2).
   It affects your dexterity (+4).
   It protects you from fire.
   It protects you from negative energy.
   It lets you blink.
 w - a +8 longbow of velocity (weapon) {god gift}
Missiles
 d - 1679 arrows (quivered)
Armour
 n - the +5 chain mail of Impermeability (worn) {+Blink +Fly MR++ Slay+2}
   (You bought it in a shop on level 7 of the Dungeon)

   It affects your accuracy and damage with ranged weapons and melee attacks
   (+2).
   It affects your resistance to hostile enchantments.
   It lets you fly.
   It lets you blink.
 o - the +0 hat "Ifaam" (worn) {god gift, MR+ Dex+3}
   (Okawaru gifted it to you on level 2 of the Swamp)

   It affects your dexterity (+3).
   It affects your resistance to hostile enchantments.
 s - a +2 cloak of cold resistance (worn)
 y - a +2 pair of gloves of archery (worn)
 S - a +2 pair of boots of running (worn)
Jewellery
 b - an uncursed ring of flight
 h - the amulet "Ezey" (around neck) {rElec rPois rC+ Regen+}
   (You found it in a Gauntlet)

   [amulet of regeneration]

   It protects you from cold.
   It insulates you from electricity.
   It protects you from poison.
   It increases your rate of regeneration.
 k - a +5 ring of slaying (right hand)
 m - an uncursed ring of see invisible
 I - the ring of Liberty (left hand) {rF+ rN+ Slay+2}
   (You found it on level 11 of the Dungeon)

   [ring of positive energy]

   It affects your accuracy and damage with ranged weapons and melee attacks
   (+2).
   It protects you from fire.
   It protects you from negative energy.
Wands
 l - a wand of enslavement (47)
 z - a wand of paralysis (43)
 H - a wand of disintegration (43)
 J - a wand of iceblast (36)
 K - a wand of digging (12)
 U - a wand of scattershot (27)
 Y - a wand of acid (46)
 Z - a wand of clouds (9)
Scrolls
 c - 6 scrolls of magic mapping
 e - 19 scrolls of teleportation {@r1}
 j - 13 scrolls of remove curse {@r4}
 u - 8 scrolls of fear
 A - 7 scrolls of fog
 D - 11 scrolls of identify {@r3}
 L - 6 scrolls of silence
Potions
 g - 5 potions of agility
 q - 2 potions of flight
 r - 3 potions of heal wounds {@q1}
 t - 3 potions of berserk rage
 v - 2 potions of haste {@q4}
 B - 19 potions of curing {@q2}
 C - 2 potions of magic
 F - 2 potions of invisibility
 G - 6 potions of might
 O - a potion of cancellation
Books
 i - a manual of Dodging
Miscellaneous
 E - a lamp of fire
 N - a phial of floods
 W - a lightning rod (4/4)
 X - 3 sacks of spiders
Comestibles
 f - 69 rations

#########
........#
#######.# #.#
#### #.#
##..######
#.#
#........##
#.#####
#@........#
#..†..#
##..####..# #
#.....#
#######..# #
#.....#
##.......#
#######.....#
#.......##
.....##.....#
#..######
#..#.##.#####
#..######
.....####
#.......##
#....#
##.......#


There were no monsters in sight!

Vanquished Creatures
  5 ancient liches
  Mara (Vaults:5)
  5 orbs of fire (Zot:5)
  A juggernaut (Depths:2)
  3 Killer Klowns
  Frederick (Vaults:4)
  3 curse toes
  Saint Roka (Vaults:4)
  5 caustic shrikes (Depths:5)
  Bai Suzhen (Depths:1)
  10 golden dragons
  the Enchantress (Depths:2)
  Jory (Depths:5)
  3 electric golems
  A bone dragon (Depths:5)
  18 tentacled monstrosities
  Rupert (Lair:6)
  2 Ice Fiends
  2 Hell Sentinels
  Jorgrun (Orc:1)
  2 deep elf master archers (Elf:3)
  30 Orb Guardians
  4 liches
  5 titans
  6 quicksilver dragons
  6 death cobs
  3 deep elf blademasters
  2 thorn hunters (Swamp:3)
  5 sphinxes
  19 storm dragons
  Kirke (Lair:6)
  6 tengu reavers
  A daeva (D:13)
  3 draconian monks
  Donald (Snake:4)
  11 nagarajas
  8 shadow dragons
  7 fire giants
  6 deep elf sorcerers
  6 frost giants
  6 draconian knights
  3 ghost moths
  9 draconian scorchers
  An orc warlord (Orc:1)
  Aizul (Snake:3)
  15 vault wardens
  4 spriggan defenders
  13 draconian stormcallers
  3 draconian shifters
  15 ironheart preservers
  25 very ugly things
  3 draconian annihilators
  13 stone giants
  A war gargoyle (Vaults:5)
  3 vampire knights
  12 black draconians
  11 deep elf demonologists
  9 purple draconians
  A minotaur (Gauntlet)
  11 red draconians
  A lorocyproca (D:1)
  7 deep elf annihilators
  10 yellow draconians
  10 green draconians
  7 white draconians
  11 deep elf death magi
  17 ettins
  12 fire dragons
  Josephine (D:12)
  A merfolk javelineer (Depths:5)
  7 deep elf high priests
  A merfolk impaler (Depths:5)
  Fannar (Orc:1)
  7 great orbs of eyes
  A great orb of eyes (shapeshifter) (Vaults:2)
  22 ogre magi
  21 naga warriors
  16 yaktaur captains
  35 vault guards
  15 hydras
  3 ghost crabs
  4 rakshasas
  23 ice dragons
  2 shambling mangroves
  5 spriggan air magi (Depths:3)
  28 dancing weapons
  10 alligators
  54 two-headed ogres
  15 centaur warriors
  6 tengu warriors
  3 large abominations
  Erica (Orc:1)
  11 deep troll shamans
  3 death knights
  10 death yaks
  15 anacondas
  8 spriggan berserkers
  14 naga sharpshooters
  Sonja (Orc:1)
  10 deep troll earth magi
  11 shock serpents
  30 deep elf knights
  3 small abominations (Vaults:5)
  A hell knight (Depths:1)
  A sixfirhy (Gauntlet)
  A sun demon (Zot:5)
  4 iron trolls
  3 unseen horrors
  7 salamander mystics
  An unseen horror (shapeshifter) (D:13)
  A spriggan druid (Swamp:3)
  3 flayed ghosts
  3 glowing orange brains
  23 deep trolls
  6 wizards
  3 phantasmal warriors
  5 naga ritualists
  28 deep elf archers
  Pikel (D:4)
  5 swamp dragons
  9 harpies
  2 necromancers (Vaults:4)
  19 orc knights
  26 ironbrand convokers
  A wolf spider zombie (D:13)
  9 mana vipers
  2 orb spiders (shapeshifter)
  2 tengu skeletons (Vaults:4)
  69 deep elf magi
  37 ugly things
  5 lindwurms
  5 oklob plants
  5 orc sorcerers
  A manticore (shapeshifter) (Vaults:5)
  4 cyclopes
  9 wolf spiders
  11 salamanders
  A faun (shapeshifter) (Vaults:5)
  26 moths of wrath
  20 naga magi
  A manticore (D:14)
  31 black mambas
  9 guardian serpents
  An ice statue (IceCv)
  14 vault sentinels
  2 guardian serpents (shapeshifter)
  A stone giant skeleton (Vaults:4)
  A molten gargoyle (Lair:4)
  Maurice (D:10)
  2 gargoyles
  19 spiny frogs
  8 centaur skeletons
  5 smoke demons
  2 human zombies (Vaults:4)
  14 komodo dragons
  An orange demon (D:11)
  2 efreet
  A rime drake (Lair:6)
  A tormentor (D:4)
  A rime drake (shapeshifter) (Vaults:4)
  59 yaktaurs
  2 anaconda simulacra (IceCv)
  13 freezing wraiths
  4 ice devils (IceCv)
  A hellwing (D:2)
  A merfolk (shapeshifter) (Depths:1)
  A red devil (Zot:5)
  A yaktaur (shapeshifter) (Elf:3)
  3 meliai (D:14)
  A queen bee (D:10)
  3 tengu conjurers
  A jumping spider (shapeshifter) (D:14)
  A golden dragon simulacrum (IceCv)
  2 tengu simulacra
  A troll (shapeshifter) (Depths:4)
  17 polar bears
  8 trolls
  2 merfolk
  A wolf spider simulacrum (IceCv)
  A meliai (shapeshifter) (Vaults:5)
  7 bog bodies
  9 tyrant leeches
  4 raiju (Lair:6)
  Prince Ribbit (D:8)
  10 dream sheep
  22 hornets
  13 blink frogs
  10 hippogriffs
  A hippogriff (shapeshifter) (D:15)
  38 slime creatures
  A flying skull (Vaults:2)
  2 meliai zombies
  2 stone giant simulacra
  5 shadows
  A vampire (D:15)
  10 air elementals
  2 yaks (shapeshifter)
  9 spriggans
  43 yaks
  3 dire elephant simulacra (IceCv)
  An ettin skeleton (Vaults:4)
  A spriggan (shapeshifter) (Vaults:3)
  15 water elementals
  11 wraiths
  3 fire elementals
  A hog (Lair:6)
  A human (D:10)
  A wyvern (D:11)
  4 basilisks
  2 hungry ghosts
  3 steam dragons
  A golden eye (shapeshifter) (Vaults:4)
  3 swamp worm simulacra (Swamp:4)
  A yaktaur simulacrum (Vaults:1)
  18 vampire mosquitoes
  16 wargs
  An acid dragon (shapeshifter) (Depths:3)
  A harpy simulacrum (IceCv)
  2 iron troll simulacra (IceCv)
  16 insubstantial wisps
  16 hydra simulacra
  42 nagas
  A soldier ant (shapeshifter) (Vaults:4)
  15 swamp worms
  6 water moccasins
  11 hell hounds (Lair:6)
  2 floating eyes
  3 acid dragons
  4 porcupines
  A floating eye (shapeshifter) (Vaults:3)
  2 phantoms
  3 slaves
  3 ettin simulacra (IceCv)
  17 swamp drakes
  53 orc warriors
  4 ice beasts
  2 eyes of draining (shapeshifter)
  4 sky beasts
  14 black bears
  2 necrophages
  2 eyes of draining
  6 boggarts
  49 ogres
  29 wolves
  36 centaurs
  15 crocodiles
  An elf skeleton (Vaults:4)
  A crocodile (shapeshifter) (Vaults:2)
  A big kobold (D:9)
  25 bullfrogs
  A wyvern zombie (D:14)
  8 earth elementals
  2 wyvern skeletons (D:8)
  5 scorpions
  25 killer bees
  A wight (D:13)
  2 howler monkeys
  4 vampire bats (Lair:1)
  7 electric eels
  A lava snake (Lair:4)
  10 crimson imps
  4 centaur zombies
  2 bullfrog zombies
  5 draconian simulacra (IceCv)
  5 jellies
  21 orc priests
  5 hounds
  2 bullfrog skeletons
  27 orc wizards
  Ijyb (D:3)
  16 worker ants
  2 polar bear simulacra (IceCv)
  5 troll simulacra (IceCv)
  2 spriggan simulacra (IceCv)
  A wolf simulacrum (IceCv)
  A centaur simulacrum (IceCv)
  2 hound skeletons
  3 gnolls
  A howler monkey skeleton (D:10)
  10 adders
  A naga simulacrum (IceCv)
  4 shadow imps
  11 white imps
  11 ufetubi
  2 oozes
  5 swamp drake simulacra (Swamp:4)
  4 adder skeletons
  2 dart slugs
  3 worms
  An adder simulacrum (D:8)
  4 leopard geckos
  107 orcs
  13 giant cockroaches
  10 goblins
  4 hobgoblins
  20 iguanas
  11 jackals
  3 quokkas
  15 bats
  5 frilled lizards (D:1)
  A giant cockroach zombie (D:6)
  A jackal simulacrum (D:8)
  A jackal skeleton (D:4)
  2 jackal zombies
  15 kobolds
  A leopard gecko zombie (D:3)
  4 rats
  4 crawling corpses
  A plant (Lair:6)
2541 creatures vanquished.

Vanquished Creatures (others)
  A deep elf knight (Elf:3)
  2 deep elf magi
  A tyrant leech (Swamp:4)
  A water elemental (Depths:3)
  A swamp worm (Swamp:4)
  An orc warrior (Vaults:5)
  A bullfrog (D:8)
  An orc wizard (Vaults:4)
  9 fungi
  24 plants
42 creatures vanquished.

Grand Total: 2583 creatures vanquished

Levels and vault maps discovered:
D:1:      minmay_arrival_wavy_path, layout_basic, minmay_tetromino_l2
D:2:      layout_loops_cross, nemelex_xobeh_ov_fountains_minmay,
          minmay_misc_feat_rows, grunt_gozag_statues
D:3:      cheibrodos_pilgrimage, layout_loops_corners, dk_xom_monty_hall,
          uniq_ijyb
D:4:      layout_basic, minmay_temple_entry_arrows, first_ration,
          chequers_serial_rivers_large_b, uniq_pikel
D:5:      layout_basic, nicolae_qazlal_style_of_elements, basic_altar,
          serial_shops, shop_statue
D:6:      layout_rooms, serial_shops, kennysheep_little_box
D:7:      layout_rooms, minitemple, serial_shops, nicolae_shop_stone
D:8:      cheibrodos_fzero, layout_basic, lair_entry_dummy, serial_ice,
          serial_ice_j, serial_ice_a, serial_ice_m, serial_ice_d, serial_ice_n,
          serial_ice_f, serial_ice_g
D:9:      layout_rooms, regret_index_temple_of_mockery
D:10:     layout_basic, minmay_orc_entry_temple_small, special_room
          [special_room_bee], hangedman_stone_soup, uniq_maurice
D:11:     layout_cave_pools, enter_bailey_2
D:12:     layout_cave_pools, gauntlet_entry_generic, serial_shops,
          nicolae_shop_behind_doors, basic_altar, uniq_josephine
D:13:     layout_cross, lightli_vaults_fourway_checkpoint, serial_park,
          serial_shops, shop
D:14:     layout_basic, ebering_ghost_inner_flame, minmay_misc_feat_tiny
D:15:     hangedman_depths_entry_try_elsewhere_first, layout_rooms,
          skrybe_limestone_x
Temple:   oiseaux_autumnal_temple
Lair:1:   layout_gridlike, roderic_batcave, beast_lair_carwin_3,
          grunt_megastairs_2, uniq_prince_ribbit2
Lair:2:   beast_lair_carwin_large_4, layout_misc_corridors,
          nicolae_swamp_entry_splash_gauntlet, guppyfry_snake_entry_garden,
          lemuel_oklob_altar
Lair:3:   layout_misc_corridors, cheibrodos_lair_lostbears, grunt_megastairs_1,
          serial_bayou_shore_b
Lair:4:   layout_gridlike, small_statue_intersection, grunt_megastairs_3
Lair:5:   layout_regular_city, guppyfry_lair_drakes
Lair:6:   hangedman_lair_caniforms_friends, layout_regular_city,
          guppyfry_lair_end_dragon, minmay_slime_entry_oklob_open, st_stairs_3,
          chequers_serial_rivers_small_3, uniq_rupert, uniq_kirke
Swamp:1:  layout_basic_swamp, serial_swamp_ruin, evilmike_swamp_ruin_house_1,
          evilmike_swamp_ruin_rubble_2
Swamp:2:  layout_basic_swamp, evilmike_swamp_ruin_house_5
Swamp:3:  layout_falls_marsh, hangedman_swamp_cone, swamp_pool1
Swamp:4:  swamp_icy, layout_basic_swamp, swamp_pool1
Snake:1:  layout_rooms, serial_shops, shop, hangedman_corner_corridor
Snake:2:  layout_concentric_octagons, serial_shops, shop, special_room
Snake:3:  layout_layer_cave, uniq_aizul
Snake:4:  snake_pit_salamanders_mu, layout_cave_town, serial_bayou_pond_c,
          grunt_ministairs_9, uniq_donald
Orc:1:    layout_caves, uniq_jorgrun, uniq_fannar, uniq_sonja, uniq_erica
Orc:2:    st_orc_rangers, layout_caves
Elf:1:    minmay_elf_arrival_plus, layout_loops_ring, serial_shops,
          bzr_entry_customers, minivault_28
Elf:2:    layout_loops_corners
Elf:3:    elf_hall_gauntlet_wide, layout_onion_city,
          portal_ice_cave_entry_pillars_2, serial_shops, bzr_entry_safe
Vaults:1: vaults_room_hallway, ontoclasm_vaults_ring_square,
          dpeg_vaults_monster_row, vaults_standard_mumra_x,
          vaults_room_hangedman_quadrants, vaults_room_grunt_arrival_checkpoint,
          vaults_room_corners, hangedman_vaults_pinch, vaults_mumra_hex,
          nicolae_vaults_little_ls, vaults_mumra_chevron,
          nicolae_vaults_shelves_hall, layout_vaults_ring
Vaults:2: hangedman_vaults_restitches, v_alt_pattern_4,
          nicolae_vaults_stairing_the_circle, v_alt_pattern_2, v_misc_29,
          st_eye, minmay_crypt_entry_simple_plaza, v_misc_1,
          vaults_room_large_hall, vaults_mumra_chevron_long,
          nicolae_vaults_little_squares_3, vaults_dpeg_hooks,
          layout_vaults_omnibox, serial_shops, nicolae_shop_statue_plus
Vaults:3: v_pattern_1, nicolae_vaults_network_star, ontoclasm_vaults_tryst,
          vaults_mumra_hexcomb, ontoclasm_vaults_twist,
          nicolae_vaults_quartermaster, ontoclasm_vaults_eye,
          dpeg_vaults_monster_box, nicolae_vaults_big_angled_halls,
          vaults_room_ringed_pool, ontoclasm_vaults_decontamination,
          ontoclasm_vaults_pinch, grunt_vaults_diagonal,
          hangedman_vaults_restitches, layout_vaults_maze_snakey, serial_shops,
          nicolae_shop_stone
Vaults:4: ebering_vaults_ghost_gozag, nicolae_vaults_triangles,
          vaults_room_grunt_arrival_ludios, vaults_room_fours,
          grunt_vaults_hallway_short, v_misc_12, nicolae_vaults_sealed_display,
          layout_vaults_omnigrid, uniq_saint_roka, uniq_frederick
Vaults:5: uniq_mara
Depths:1: layout_twisted_cross, columned_hall_lemuel, serial_shops, shop,
          hell_entry, onia_ninara_cookie, uniq_bai_suzhen
Depths:2: minmay_textured_paths, layout_cave_pools, hangedman_coc_ice_floe,
          okawaru_ov_weapons_minmay, minmay_staircase_windowed_large
Depths:3: kennysheep_large_vault, layout_cave_pools, enter_ziggurat_d,
          abyss_entry, minmay_misc_feat_chi, hell_entry, pan_entry,
          uniq_enchantress
Depths:4: nooodl_heptagram, layout_cave_pools, abyss_entry,
          nicolae_lava_and_water, hell_entry
Depths:5: evilmike_zot_entry_diamond, layout_cave_pools, serial_bayou,
          serial_bayou_pond_e, serial_bayou_lagoon_b, hell_entry, uniq_jory
Zot:1:    layout_basic, nicolae_transmutations_shop
Zot:2:    kennysheep_ambush_hall, layout_onion_interference,
          gammafunk_ghost_necromancy
Zot:3:    nicolae_zot_stationary_front, layout_twisted_circle
Zot:4:    lemuel_draconian_sentries, layout_basic, door_vault
Zot:5:    layout_onion


Message History

Press: ? - help, Shift-Dir - straight line, f/p - lorocyproca
Aim: a lorocyproca (severely wounded, slightly transparent)
You shoot an arrow. The arrow hits the lorocyproca!!
You kill the lorocyproca!
Okawaru accepts your kill.
Your Invocations skill increases to level 15!
No target in view!
No target in view!
You're wearing all the rings you can.
Remove which one? (? for menu, Esc to cancel) < or
m - a ring of see invisible; > or
k - a +5 ring of slaying You remove your ring of see invisible.
I - the ring of Liberty (left hand) {rF+ rN+ Slay+2}
(D) Dungeon (T) Temple (L) Lair (S) Swamp (P) Snake Pit (M) Slime Pits (O) Orcish Mines (E) Elven Halls (V) Vaults (C) Crypt (U) Depths (H) Hell (Z) Zot
Where to? (Enter - D:1 @ (x,y), ? - help)
There is a staircase leading out of the dungeon here.
You have escaped!

Notes
Turn   | Place    | Note
-------+----------+-------------------------------------------
     0 | D:1      | bmfx the Minotaur Hunter began the quest for the Orb.
     0 | D:1      | Reached XP level 1. HP: 18/18 MP: 0/0
   106 | D:1      | Reached XP level 2. HP: 25/25 MP: 1/1
   900 | D:1      | Reached skill level 5 in Bows
   900 | D:1      | Reached XP level 3. HP: 31/31 MP: 2/2
  1303 | D:2      | Found a sparkling altar of Nemelex Xobeh.
  1897 | D:2      | Found an opulent altar of Gozag.
  2127 | D:3      | Reached XP level 4. HP: 41/41 MP: 3/3
  2518 | D:3      | Noticed Ijyb
  2524 | D:3      | Reached XP level 5. HP: 47/47 MP: 4/4
  2548 | D:3      | Killed Ijyb
  2548 | D:3      | Reached skill level 5 in Fighting
  3139 | D:3      | Reached skill level 1 in Evocations
  3147 | D:2      | Reached XP level 6. HP: 10/56 MP: 4/6
  3743 | D:3      | Found a shimmering altar of Xom.
  4224 | D:4      | Found a staircase to the Ecumenical Temple.
  4234 | Temple   | Entered the Ecumenical Temple
  4388 | Temple   | Became a worshipper of Warmaster Okawaru
  4452 | D:4      | Noticed a slave
  4452 | D:4      | Noticed a slave
  4452 | D:4      | Noticed Pikel
  4462 | D:4      | Noticed a slave
  4681 | D:3      | Reached XP level 7. HP: 62/63 MP: 8/8
  6155 | D:5      | Entered Level 5 of the Dungeon
  6181 | D:5      | Found a stormy altar of Qazlal.
  6181 | D:5      | Noticed a fire elemental
  6184 | D:5      | Noticed a water elemental
  6184 | D:5      | Noticed an air elemental
  6196 | D:5      | Found Haalerus's Jewellery Shop.
  6529 | D:5      | You fall into a shaft and drop 1 floor!
  6542 | D:6      | Reached * piety under Okawaru
  6551 | D:6      | Reached XP level 8. HP: 70/71 MP: 10/10
  6917 | D:5      | Reached skill level 1 in Invocations
  7126 | D:5      | Reached skill level 5 in Evocations
  7271 | D:5      | Found a burning altar of Makhleb.
  7651 | D:6      | Got a thick robe
  8222 | D:6      | Found Gousum's Antique Armour Emporium.
  8227 | D:6      | Bought a pair of embroidered gloves for 217 gold pieces
  8310 | D:7      | Reached ** piety under Okawaru
  8341 | D:7      | Reached skill level 5 in Invocations
  8359 | D:7      | Noticed a hippogriff
  8371 | D:7      | Killed a hippogriff
  8371 | D:7      | Reached XP level 9. HP: 72/78 MP: 9/12
  8838 | D:7      | Found an opulent altar of Gozag.
  8854 | D:7      | Got a brightly glowing brass ring
  8856 | D:7      | Identified the ring "Xibif" {Ice Dex+4} (You found it on
                  | level 7 of the Dungeon)
  8965 | D:7      | Found Kif Hia's Armour Shop.
  9297 | D:7      | Found a basalt altar of Yredelemnul.
  9297 | D:7      | Found a shimmering blue altar of Sif Muna.
  9298 | D:7      | Found a sacrificial altar of Ru.
  9299 | D:7      | Found a snail-covered altar of Cheibriados.
  9441 | D:8      | Found a staircase to the Lair.
  9818 | D:8      | Noticed a two-headed ogre
 10269 | D:8      | Reached *** piety under Okawaru
 10318 | D:8      | Killed a two-headed ogre
 10329 | D:8      | Reached XP level 10. HP: 55/84 MP: 13/15
 10624 | D:8      | Reached **** piety under Okawaru
 10834 | D:8      | Received a gift from Okawaru
 10836 | D:8      | Identified the +10 great mace "Othuq" {venom, +Blink rF+
                  | rN+ Str-3 Int+2 Dex+4}
 11117 | D:8      | Reached skill level 1 in Maces & Flails
 12366 | D:9      | Noticed a cyclops
 13020 | D:9      | Found a shimmering altar of Xom.
 13021 | D:9      | Found a hazy altar of Hepliaklqana.
 13089 | D:8      | Reached skill level 10 in Bows
 13372 | D:9      | Killed a cyclops
 13372 | D:9      | Reached skill level 5 in Maces & Flails
 13912 | D:10     | Entered Level 10 of the Dungeon
 13931 | D:10     | Noticed Maurice
 13941 | D:10     | Killed Maurice
 13941 | D:10     | Received a gift from Okawaru
 13941 | D:10     | Reached XP level 11. HP: 93/94 MP: 16/16
 13942 | D:10     | Reached ***** piety under Okawaru
 14024 | D:10     | Received a gift from Okawaru
 14034 | D:10     | Received a gift from Okawaru
 14035 | D:10     | Got an ivory shortbow {god gift}
 14036 | D:10     | Identified the +7 shortbow "Nucannai" {god gift, speed,
                  | rC+} (Okawaru gifted it to you on level 10 of the Dungeon)
 14877 | D:10     | Found a staircase to the Orcish Mines.
 14895 | D:10     | Found a roughly hewn altar of Beogh.
 15098 | D:11     | Noticed a red ugly thing
 15106 | D:11     | Killed a red ugly thing
 15106 | D:11     | Reached skill level 1 in Armour
 15108 | D:11     | Identified a scroll of acquirement
 15112 | D:11     | Noticed a two-headed ogre
 15120 | D:11     | Killed a two-headed ogre
 15141 | D:11     | Found a flagged portal.
 15314 | D:11     | Received a gift from Okawaru
 15322 | D:11     | Reached skill level 5 in Armour
 15498 | D:11     | Got a bound tin ring
 15500 | D:11     | Identified the ring of Liberty {rF+ rN+ Slay+2} (You found
                  | it on level 11 of the Dungeon)
 16087 | D:4      | Killed Pikel
 16232 | D:5      | Bought a +5 ring of slaying for 1478 gold pieces
 16296 | Lair:1   | Entered Level 1 of the Lair of Beasts
 16304 | Lair:1   | Noticed Prince Ribbit
 16328 | D:8      | Killed Prince Ribbit
 16519 | D:8      | Reached XP level 12. HP: 101/101 MP: 17/17
 17032 | Lair:1   | Reached skill level 5 in Dodging
 18034 | Lair:2   | Noticed a five-headed hydra
 18043 | Lair:2   | Killed a five-headed hydra
 18104 | Lair:2   | Found a staircase to the Snake Pit.
 18108 | Lair:2   | Reached skill level 10 in Maces & Flails
 18257 | Lair:2   | Found a staircase to the Swamp.
 18715 | Lair:2   | Found a snail-covered altar of Cheibriados.
 18720 | Lair:2   | Received a gift from Okawaru
 19155 | Lair:3   | Reached ****** piety under Okawaru
 19706 | Lair:4   | Reached XP level 13. HP: 59/107 MP: 18/18
 20080 | Lair:4   | Got a spiked plate armour
 20091 | Lair:4   | Identified the +7 plate armour of Cofishreju {rF+ rN+ MR-}
                  | (You found it on level 4 of the Lair of Beasts)
 20680 | Lair:4   | Received a gift from Okawaru
 20960 | Lair:4   | Reached skill level 10 in Fighting
 22347 | Lair:6   | Entered Level 6 of the Lair of Beasts
 22418 | Lair:6   | Found a staircase to the Slime Pits.
 22621 | Lair:6   | Received a gift from Okawaru
 22640 | Lair:6   | Noticed Kirke
 22748 | Lair:5   | Reached XP level 14. HP: 107/126 MP: 16/19
 22852 | Lair:6   | Noticed Rupert
 22859 | Lair:6   | Killed Rupert
 22859 | Lair:6   | Received a gift from Okawaru
 22859 | Lair:6   | Reached skill level 15 in Maces & Flails
 23163 | Lair:6   | Received a gift from Okawaru
 23241 | Lair:6   | Received a gift from Okawaru
 23335 | Lair:6   | Received a gift from Okawaru
 23336 | Lair:6   | Got a translucent longbow {god gift}
 23337 | Lair:6   | Identified the +7 longbow "Viptoank" {god gift, velocity,
                  | rPois} (Okawaru gifted it to you on level 6 of the Lair of
                  | Beasts)
 24136 | Lair:6   | Noticed a sphinx
 24137 | Lair:6   | Killed Kirke
 24659 | D:12     | Found a gate leading to a gauntlet.
 24673 | D:12     | Noticed Josephine
 24675 | D:12     | Received a gift from Okawaru
 24683 | D:12     | Killed Josephine
 24724 | Gauntlet | Entered a Gauntlet
 24724 | Gauntlet | Found a transporter.
 24724 | Gauntlet | Found a transporter.
 24724 | Gauntlet | Found a transporter.
 24725 | Gauntlet | Found a transporter.
 24728 | Gauntlet | Found a transporter.
 24738 | Gauntlet | Found a transporter.
 24804 | Gauntlet | Found a transporter.
 24820 | Gauntlet | Found a transporter.
 24829 | Gauntlet | Found a transporter.
 24839 | Gauntlet | Found a transporter.
 24854 | Gauntlet | Found a transporter.
 24860 | Gauntlet | Found a transporter.
 25161 | Gauntlet | Identified a +0 pair of boots of running (You found it in a
                  | Gauntlet)
 25188 | Gauntlet | Reached skill level 15 in Bows
 25353 | Gauntlet | Got a coiled iron amulet
 25373 | Gauntlet | Received a gift from Okawaru
 25437 | Gauntlet | Identified the Collected Works on Icy Shape Shifting
 25606 | D:12     | Found an iron altar of Okawaru.
 25676 | D:12     | Found Laxu's Antique Armour Emporium.
 25752 | D:12     | Got a heavily runed crystal plate armour
 25763 | D:12     | Identified the +4 crystal plate armour "Nuokekhlobly"
                  | {Dex+6} (You acquired it on level 12 of the Dungeon)
 25962 | D:12     | Identified the amulet "Ezey" {rElec rPois rC+ Regen+} (You
                  | found it in a Gauntlet)
 26047 | D:13     | Found Joseonem's Antique Weapon Shop.
 26272 | D:13     | Found a gate to the Vaults.
 26293 | D:13     | Reached XP level 15. HP: 127/132 MP: 13/20
 26335 | D:13     | Received a gift from Okawaru
 26336 | D:13     | Got a warped plate armour {god gift}
 26347 | D:13     | Identified the +5 plate armour of the Slug {god gift, rPois
                  | Int+3 Stlth-} (Okawaru gifted it to you on level 13 of the
                  | Dungeon)
 27362 | D:14     | Found a runed translucent door.
 27363 | D:14     | Noticed vurker's ghost (adept FoAK)
 27868 | D:15     | Entered Level 15 of the Dungeon
 27956 | D:15     | Found a staircase to the Depths.
 28339 | D:15     | Received a gift from Okawaru
 28414 | D:15     | Got a silken robe {god gift}
 28821 | Orc:1    | Entered Level 1 of the Orcish Mines
 28844 | Orc:1    | Noticed Jorgrun
 28844 | Orc:1    | Noticed Erica
 28857 | Orc:1    | Killed Jorgrun
 28862 | Orc:1    | Killed Erica
 29042 | Orc:2    | Entered Level 2 of the Orcish Mines
 29042 | Orc:2    | Found a staircase to the Elven Halls.
 29102 | Orc:2    | Noticed an orc warlord
 29192 | Orc:1    | Killed an orc warlord
 29522 | Orc:2    | Reached XP level 16. HP: 126/139 MP: 21/21
 29953 | Orc:2    | Found Cateddo's Gadget Emporium.
 29953 | Orc:2    | Found Sevi's General Store.
 29955 | Orc:2    | Found Tuhuvo's Jewellery Boutique.
 29957 | Orc:2    | Found Luomu's Food Shoppe.
 29962 | Orc:2    | Bought 2 potions of heal wounds for 150 gold pieces
 30007 | Orc:1    | Noticed Sonja
 30011 | Orc:1    | Killed Sonja
 30014 | Orc:1    | Paralysed by an orc sorcerer for 6 turns
 30143 | Orc:1    | Noticed Fannar
 30149 | Orc:1    | Killed Fannar
 30390 | D:7      | Bought the +5 chain mail of Impermeability {+Blink +Fly
                  | MR++ Slay+2} for 936 gold pieces
 30468 | Swamp:1  | Entered Level 1 of the Swamp
 30802 | Swamp:1  | Received a gift from Okawaru
 31282 | Swamp:2  | Received a gift from Okawaru
 31283 | Swamp:2  | Got a jewelled hat {god gift}
 31295 | Swamp:2  | Identified the +0 hat "Ifaam" {god gift, MR+ Dex+3}
                  | (Okawaru gifted it to you on level 2 of the Swamp)
 31582 | Swamp:2  | Reached skill level 10 in Armour
 32239 | Swamp:3  | Noticed a thorn hunter
 32249 | Swamp:3  | Killed a thorn hunter
 32624 | Swamp:3  | Noticed a thorn hunter
 32628 | Swamp:3  | Killed a thorn hunter
 32989 | Swamp:4  | Entered Level 4 of the Swamp
 33186 | Swamp:4  | Received a gift from Okawaru
 33249 | Swamp:4  | Reached skill level 10 in Dodging
 33631 | Swamp:4  | Reached XP level 17. HP: 146/146 MP: 22/22
 34035 | Swamp:4  | Got a decaying rune of Zot
 34197 | Snake:1  | Entered Level 1 of the Snake Pit
 34338 | Snake:1  | Found Tugy's Gadget Boutique.
 34649 | Snake:1  | Identified the +6 dagger of Indomitability {speed, Fragile
                  | rPois rF+ SInv}
 34842 | Snake:2  | Found Hutogas's Magic Scroll Shop.
 34853 | Snake:2  | Bought a scroll of blinking for 127 gold pieces
 34853 | Snake:2  | Bought a scroll of fog for 34 gold pieces
 35460 | Snake:2  | Received a gift from Okawaru
 35792 | Snake:3  | Received a gift from Okawaru
 36292 | Snake:3  | Reached skill level 15 in Fighting
 36420 | Snake:3  | Noticed Aizul
 36431 | Snake:3  | Killed Aizul
 36959 | Snake:4  | Entered Level 4 of the Snake Pit
 36961 | Snake:4  | Noticed Donald
 36971 | Snake:4  | Killed Donald
 37258 | Snake:4  | Received a gift from Okawaru
 37258 | Snake:4  | Reached XP level 18. HP: 156/167 MP: 20/24
 37310 | Snake:4  | Reached skill level 10 in Invocations
 37572 | Snake:4  | Received a gift from Okawaru
 37658 | Snake:4  | Got a serpentine rune of Zot
 37756 | Snake:4  | Identified the +4 chain mail of Limited Liability {god
                  | gift, rN+} (Okawaru gifted it to you on level 4 of the
                  | Snake Pit)
 38890 | Elf:1    | Entered Level 1 of the Elven Halls
 38951 | Elf:1    | Found a flickering gateway to a bazaar.
 39028 | Bazaar   | Entered a bazaar
 39091 | Bazaar   | Found Iluatt's Magic Scroll Shoppe.
 39095 | Bazaar   | Bought a scroll of magic mapping for 35 gold pieces
 39095 | Bazaar   | Bought a scroll of magic mapping for 35 gold pieces
 39119 | Bazaar   | Found Asian's Armour Shoppe.
 39410 | Elf:1    | Received a gift from Okawaru
 39417 | Elf:1    | Got a thick robe {god gift}
 39774 | Elf:1    | Reached XP level 19. HP: 181/181 MP: 27/27
 40077 | Elf:2    | Found a runed translucent gate.
 40077 | Elf:2    | Found a runed translucent gate.
 40077 | Elf:2    | Found a runed translucent gate.
 40725 | Elf:2    | Reached skill level 15 in Armour
 41092 | Elf:3    | Entered Level 3 of the Elven Halls
 41236 | Elf:3    | Found a flickering gateway to a bazaar.
 41242 | Bazaar   | Entered a bazaar
 41244 | Bazaar   | Found Votzol's Jewellery Emporium.
 41252 | Bazaar   | Found Xezeitho's Magic Scroll Shop.
 41288 | Bazaar   | Found Esseppa's Weapon Shoppe.
 41296 | Bazaar   | Found Dubiez's Antique Weapon Boutique.
 41328 | Bazaar   | Bought a scroll of teleportation for 54 gold pieces
 41328 | Bazaar   | Bought a scroll of fog for 36 gold pieces
 41328 | Bazaar   | Bought a scroll of teleportation for 54 gold pieces
 41328 | Bazaar   | Bought a scroll of teleportation for 54 gold pieces
 41328 | Bazaar   | Bought 2 scrolls of teleportation for 108 gold pieces
 41374 | Elf:3    | Received a gift from Okawaru
 41432 | Elf:3    | Found a frozen archway.
 41443 | IceCv    | Entered an ice cave
 42599 | Elf:3    | Received a gift from Okawaru
 43415 | Elf:3    | Reached XP level 20. HP: 184/191 MP: 28/28
 43581 | Elf:3    | Received a gift from Okawaru
 43739 | Elf:3    | Found the +8 mithril axe "Arga" {speed, MR+}
 43820 | Elf:3    | Identified the +9 hand axe of Karma {freeze, +Inv rN+
                  | Stlth+}
 43820 | Elf:3    | Identified the ring of Hard Scrabble {rPois MR+ Str-3
                  | Stlth+}
 44172 | Vaults:1 | Entered Level 1 of the Vaults
 44663 | Vaults:1 | Received a gift from Okawaru
 45349 | Vaults:1 | Reached skill level 15 in Dodging
 45646 | Vaults:2 | Received a gift from Okawaru
 45960 | Vaults:2 | Reached XP level 21. HP: 201/201 MP: 29/29
 46113 | Vaults:2 | Received a gift from Okawaru
 46358 | Vaults:2 | Found Irulur Ytif's Assorted Antiques.
 46364 | Vaults:2 | Bought a scroll of teleportation for 72 gold pieces
 46364 | Vaults:2 | Bought a wand of digging (8) for 192 gold pieces
 46518 | Vaults:2 | Identified the ring "Qeyf" {Wiz rF+}
 46541 | Vaults:2 | Received a gift from Okawaru
 46674 | Vaults:2 | Identified the +0 hat "Sesiugeg" {rElec rC+ Str-4 Int+9}
                  | (You acquired it on level 2 of the Vaults)
 47103 | Vaults:2 | Found a staircase to the Crypt.
 48687 | Vaults:3 | Identified the +5 shortbow "Heamaixi" {venom, rF- Str+2
                  | SInv}
 48832 | Vaults:3 | Found Penaramo's Magic Scroll Boutique.
 48841 | Vaults:3 | Bought a scroll of blinking for 150 gold pieces
 48841 | Vaults:3 | Bought a scroll of enchant armour for 150 gold pieces
 48857 | Vaults:3 | Received a gift from Okawaru
 49116 | Vaults:4 | Reached XP level 22. HP: 209/209 MP: 27/30
 49407 | Vaults:4 | Received a gift from Okawaru
 49626 | Vaults:4 | Noticed Saint Roka
 49706 | Vaults:4 | Killed Saint Roka
 50219 | Vaults:4 | Received a gift from Okawaru
 50452 | Vaults:4 | Found a runed translucent gate.
 50452 | Vaults:4 | Found a runed translucent gate.
 50452 | Vaults:4 | Found a runed translucent gate.
 50453 | Vaults:4 | Found an opulent altar of Gozag.
 50498 | Vaults:4 | Noticed Pofumik's ghost (veteran MiFi)
 50501 | Vaults:4 | Found Nyrhif's Assorted Antiques.
 50777 | Vaults:4 | Noticed Frederick
 50781 | Vaults:4 | Killed Frederick
 50781 | Vaults:4 | Received a gift from Okawaru
 50865 | Vaults:5 | Entered Level 5 of the Vaults
 50923 | Vaults:5 | Received a gift from Okawaru
 50996 | Vaults:5 | Received a gift from Okawaru
 51015 | Vaults:5 | Identified the +1 pair of boots of Trial and Error {god
                  | gift, *Corrode rC+ SInv} (Okawaru gifted it to you on level
                  | 5 of the Vaults)
 51102 | Vaults:5 | Got brightly glowing fire dragon scales
 51109 | Vaults:5 | Identified the +8 fire dragon scales "Uzxo Duw" {rF++ rC-
                  | Str-5 Slay+5} (You found it on level 5 of the Vaults)
 51287 | Vaults:5 | Reached XP level 23. HP: 205/222 MP: 28/31
 51293 | Vaults:5 | Noticed an ancient lich
 51310 | Vaults:5 | Killed an ancient lich
 51322 | Vaults:5 | Noticed Mara
 51457 | Vaults:5 | Identified the ring "Mousof" {Wiz rPois rC+ MR+}
 51488 | Vaults:5 | Noticed an ancient lich
 51509 | Vaults:5 | Killed an ancient lich
 51615 | Vaults:5 | Killed Mara
 51615 | Vaults:5 | Received a gift from Okawaru
 52288 | Vaults:5 | Found the amulet of Vitality {Regen+ HP+15}
 52300 | Vaults:5 | Got a silver rune of Zot
 52922 | Depths:1 | Entered Level 1 of the Depths
 53069 | Depths:1 | Paralysed by a floating eye for 4 turns
 53206 | Depths:1 | Found a gateway to Hell.
 53404 | Depths:1 | Noticed Bai Suzhen
 53410 | Depths:1 | Killed Bai Suzhen
 53498 | Depths:1 | Found Ussicw's Distillery.
 53507 | Depths:1 | Bought a potion of haste for 200 gold pieces
 53507 | Depths:1 | Bought a potion of haste for 200 gold pieces
 53507 | Depths:1 | Bought a potion of haste for 200 gold pieces
 53507 | Depths:1 | Bought a potion of might for 80 gold pieces
 53507 | Depths:1 | Bought a potion of might for 80 gold pieces
 53942 | Depths:2 | Reached XP level 24. HP: 231/231 MP: 31/31
 53983 | Depths:2 | Received a gift from Okawaru
 54008 | Depths:2 | Received a gift from Okawaru
 54114 | Depths:2 | Received a gift from Okawaru
 54313 | Depths:2 | Received a gift from Okawaru
 54653 | Depths:2 | Found an iron altar of Okawaru.
 54814 | Depths:2 | Noticed a juggernaut
 54828 | Depths:2 | Killed a juggernaut
 54828 | Depths:2 | Received a gift from Okawaru
 54974 | Depths:2 | Received a gift from Okawaru
 55160 | Depths:2 | Received a gift from Okawaru
 55170 | Depths:2 | Identified the -6 pair of gloves "Acvolakk" {god gift,
                  | rPois rN+ Stlth+} (Okawaru gifted it to you on level 2 of
                  | the Depths)
 55564 | Depths:3 | Noticed the Enchantress
 55583 | Depths:2 | Killed the Enchantress
 56183 | Depths:4 | Reached XP level 25. HP: 232/238 MP: 31/31
 56218 | Depths:5 | Entered Level 5 of the Depths
 56402 | Depths:5 | Noticed Jory
 56413 | Depths:5 | Killed Jory
 56413 | Depths:5 | Received a gift from Okawaru
 56536 | Depths:5 | Found a gate to the Realm of Zot.
 56696 | Zot:1    | Entered Level 1 of the Realm of Zot
 56700 | Zot:1    | You fall into a shaft and drop 1 floor!
 56820 | Zot:2    | Found a runed translucent gate.
 56821 | Zot:2    | Found a runed translucent gate.
 56877 | Zot:2    | Found a runed translucent gate.
 57432 | Zot:2    | Reached skill level 27 in Bows
 58099 | Zot:2    | Noticed Vimihy's ghost (legendary HaHu)
 58099 | Zot:2    | Noticed an ancient lich
 58181 | Zot:2    | Received a gift from Okawaru
 58312 | Zot:1    | Found Riophej's Changing Room.
 58520 | Zot:1    | Got a silken robe
 58750 | Zot:1    | Reached XP level 26. HP: 246/246 MP: 31/31
 59053 | Zot:3    | Received a gift from Okawaru
 59054 | Zot:3    | Got a slimy scale mail {god gift}
 60408 | Zot:4    | Received a gift from Okawaru
 60771 | Zot:4    | Received a gift from Okawaru
 61195 | Zot:4    | Found a huge runed gate.
 61195 | Zot:4    | Found a huge runed gate.
 61205 | Zot:4    | Found a huge runed gate.
 61205 | Zot:4    | Found a huge runed gate.
 61205 | Zot:4    | Found a huge runed gate.
 61205 | Zot:4    | Found a huge runed gate.
 61206 | Zot:4    | Found a huge runed gate.
 61207 | Zot:4    | Found a huge runed gate.
 61208 | Zot:4    | Found a huge runed gate.
 61209 | Zot:4    | Found a huge runed gate.
 61243 | Zot:4    | Found a huge runed gate.
 61251 | Zot:4    | Found a huge runed gate.
 61251 | Zot:4    | Found a huge runed gate.
 61251 | Zot:4    | Found a huge runed gate.
 61272 | Zot:4    | Found a huge runed gate.
 61272 | Zot:4    | Found a huge runed gate.
 61272 | Zot:4    | Found a huge runed gate.
 61272 | Zot:4    | Found a huge runed gate.
 61273 | Zot:4    | Found a huge runed gate.
 61274 | Zot:4    | Found a huge runed gate.
 61275 | Zot:4    | Found a huge runed gate.
 61276 | Zot:4    | Found a huge runed gate.
 61277 | Zot:4    | Found a huge runed gate.
 61278 | Zot:4    | Found a huge runed gate.
 61428 | Zot:5    | Entered Level 5 of the Realm of Zot
 62006 | Zot:5    | Received a gift from Okawaru
 62084 | Zot:5    | Reached XP level 27. HP: 256/261 MP: 31/31
 62243 | Zot:5    | Noticed an orb of fire
 62275 | Zot:5    | Noticed an orb of fire
 62276 | Zot:5    | Killed an orb of fire
 62288 | Zot:5    | Gained mutation: You are weak. (Str -2) [an orb of fire]
 62295 | Zot:5    | Gained mutation: Armour fits poorly on your strangely
                  | shaped body. [an orb of fire]
 62296 | Zot:5    | Killed an orb of fire
 62315 | Zot:5    | Noticed an ancient lich
 62329 | Zot:5    | Killed an ancient lich
 62423 | Zot:5    | Noticed an orb of fire
 62431 | Zot:5    | Gained mutation: Your magical capacity is low. (-10% MP)
                  | [an orb of fire]
 62433 | Zot:5    | Killed an orb of fire
 62433 | Zot:5    | Received a gift from Okawaru
 62486 | Zot:5    | Got a crude ring mail {god gift}
 62590 | Zot:5    | Noticed an orb of fire
 62605 | Zot:5    | Killed an orb of fire
 62606 | Zot:5    | Noticed an orb of fire
 62609 | Zot:5    | Noticed an ancient lich
 62619 | Zot:5    | Noticed an ancient lich
 62647 | Zot:5    | Killed an orb of fire
 62968 | Zot:5    | Killed an ancient lich
 63030 | Zot:5    | Reached skill level 27 in Fighting
 63037 | Zot:5    | Killed an ancient lich
 63444 | Zot:1    | Bought a potion of mutation for 168 gold pieces
 63444 | Zot:1    | Lost mutation: Armour fits poorly on your strangely shaped
                  | body. [potion of mutation]
 63444 | Zot:1    | Lost mutation: You are weak. (Str -2) [potion of mutation]
 63444 | Zot:1    | Gained mutation: Your flesh is heat resistant. (rF+)
                  | [potion of mutation]
 63444 | Zot:1    | Gained mutation: Your body sometimes deteriorates upon
                  | taking damage. [potion of mutation]
 63444 | Zot:1    | Gained mutation: You have sharp toenails. [potion of
                  | mutation]
 63444 | Zot:1    | Gained mutation: You are partially covered in icy blue
                  | scales. (AC +2) [potion of mutation]
 63757 | Zot:5    | Got the Orb of Zot
 63809 | Zot:5    | Received a gift from Okawaru
 63813 | Zot:5    | Noticed a seraph
 64226 | D:2      | Received a gift from Okawaru
 64260 | D:1      | Reached skill level 15 in Invocations
 64301 | D:$      | Escaped with the Orb!
